 Dungeon Crawl Stone Soup version 0.21-a0-513-gdcb3f5e (webtiles) character file.

88 Gerstahl the Poker (level 4, -1/35 HPs)
             Began as a Demonspawn Gladiator on Dec 2, 2017.
             Slain by an orc
             ... wielding a +0 short sword
              (3 damage)
             ... on level 3 of the Dungeon.
             The game lasted 00:02:35 (1928 turns).

Gerstahl the Poker (Demonspawn Gladiator)           Turns: 1928, Time: 00:02:36

Health: -1/35      AC:  8    Str: 15    XL:     4   Next: 29%
Magic:  4/4        EV: 12    Int:  9    God:
Gold:   119        SH:  0    Dex: 15    Spells: 3/3 levels left

rFire    . . .     SeeInvis .   a - +0 trident
rCold    . . .     Gourm    .   (no shield)
rNeg     . . .     Faith    .   b - +0 leather armour
rPois    +         Spirit   .   c - +0 helmet
rElec    .         Reflect  .   (no cloak)
rCorr    .         Harm     .   (no gloves)
MR       .....                  (no boots)
Stlth    +.........             (no amulet)
HPRegen  0.11/turn              (no ring)
MPRegen  0.09/turn              (no ring)

@: no status effects
A: slimy green scales 3
a: no special abilities


You were on level 3 of the Dungeon.
You were very hungry.

You visited 1 branch of the dungeon, and saw 4 of its levels.

You collected 119 gold pieces.

Inventory:

Hand Weapons
 a - a +0 trident (weapon)
Missiles
 d - 3 throwing nets (quivered)
Armour
 b - a +0 leather armour (worn)
 c - a +0 helmet (worn)
Jewellery
 j - an uncursed amulet of harm {unknown}
Scrolls
 g - a scroll of noise {unknown}
 i - 2 scrolls of identify
 l - a scroll of immolation {unknown}
 q - a scroll of remove curse
 s - a scroll of amnesia {unknown}
Potions
 e - a potion of curing
 h - a potion of agility {unknown}
 k - a potion of brilliance {unknown}
 m - a potion of degeneration {unknown}
 n - a potion of lignification {unknown}
 r - a potion of flight {unknown}
 t - a potion of heal wounds {unknown}
 u - a potion of resistance {unknown}
Comestibles
 f - a bread ration
 p - a meat ration


   Skills:
 + Level 3.5 Fighting
 + Level 3.8 Polearms
 - Level 1.7 Throwing
 - Level 2.6 Dodging


You had 3 spell levels left.
You didn't know any spells.

Dungeon Overview and Level Annotations

Branches:
Dungeon (4/15)
 Temple: D:4-7

Altars:
Sif Muna
Trog

Annotations:
D:3 Gerstahl's ghost, amateur DsGl; Grinder


Innate Abilities, Weirdness & Mutations

You are completely covered in slimy green scales. (AC +4, rPois)


Message History

The orc hits you but does no damage. The orc wizard closely misses you.
The orc hits you with a short sword. The rat barely misses you.
Gerstahl's ghost hits you but does no damage.
There are monsters nearby!
You closely miss Gerstahl's ghost. The orc wizard hits you with a dagger.
* * * LOW HITPOINT WARNING * * *
The orc closely misses you. The orc barely misses you. The rat misses you.
Gerstahl's ghost hits you but does no damage.
The worm closely misses you.
The orc wizard casts a spell.
The orc wizard flickers and vanishes!
You closely miss something. The orc closely misses you.
The orc barely misses you. The rat barely misses you.
Gerstahl's ghost misses you.
You hear some strange, mumbled words.
A magic dart appears from out of thin air!
The magic dart hits you!
* * * LOW HITPOINT WARNING * * *
The worm barely misses you. The orc hits you with a short sword.
You die...

#.# #.###.# ###.####.# #.#
#. #.# #.g...g## .. #.
..###.# #######..######..
........ .................
#.##.._.##########..........
#. ........# ###.##.......
........####...##.......
......o.rgog.####.......
.....5{@W##### #...>...
......wo## ##.......
.......o# #..........
........# ..##..b...g
####..### # #(...... ##.
...#.(.(. #. ..###..### ##
.# ....# ..#.#


You could see Grinder, a worm, Gerstahl's ghost, 4 orcs, a hobgoblin, a goblin
and a rat.

Vanquished Creatures
  3 adders (D:2)
  A worm (D:2)
  2 dart slugs
  4 leopard geckos
  A ball python (D:1)
  5 bats
  3 giant cockroaches
  6 goblins
  3 hobgoblins (D:1)
  3 jackals (D:1)
  A quokka (D:4)
  3 frilled lizards (D:1)
  3 kobolds
  11 rats
49 creatures vanquished.

Notes
Turn   | Place    | Note
-------+----------+-------------------------------------------
     0 | D:1      | Gerstahl the Demonspawn Gladiator began the quest for the Orb.
     0 | D:1      | Reached XP level 1. HP: 16/16 MP: 1/1
   176 | D:1      | Gained mutation: You are partially covered in slimy green scales. (AC +2) [demonic ancestry]
   176 | D:1      | Reached XP level 2. HP: 17/23 MP: 2/2
   747 | D:1      | Gained mutation: You are mostly covered in slimy green scales. (AC +3) [demonic ancestry]
   747 | D:1      | Reached XP level 3. HP: 28/28 MP: 3/3
  1176 | D:2      | Found a deep blue altar of Sif Muna.
  1393 | D:2      | Gained mutation: You are completely covered in slimy green scales. (AC +4, rPois) [demonic ancestry]
  1393 | D:2      | Reached XP level 4. HP: 32/35 MP: 4/4
  1774 | D:3      | Noticed Grinder
  1884 | D:3      | Noticed Gerstahl's ghost (amateur DsGl)
  1900 | D:3      | Found a bloodstained altar of Trog.
  1928 | D:3      | Slain by an orc

Vault maps used:
D:1:      saegor_arrival_simple_e, st_stairs_5
D:2:      led_sif_pool
D:3:      bloody_trog, uniq_grinder
D:4:      serial_shops, nicolae_shop_crystal, shop, shop, first_bread, uniq_ijyb

Skill      XL: |  1  2  3 |
---------------+----------+-----
Polearms       | 3 |  3.8
Fighting       | 3 |  3.5
Throwing       | |  1.7
Dodging        | |  2.6

Action                   |  1- 3 |  4- 6 || total
-------------------------+-------+-------++-------
Melee: Trident           |   142 |    45 ||   187
  Use: Potion            |     1 |       ||     1
       Scroll            |       |     2 ||     2
 Stab: Sleeping          |     1 |     3 ||     4
  Eat: Chunk             |     1 |     1 ||     2
Armor: Leather armour    |    54 |    24 ||    78
Dodge: Dodged            |    93 |    68 ||   161

Table legend:
 A = Spawn XP
 B = Non-spawn XP
 C = Spawn XP percentage of total XP
 D = Spawn monster count
 E = Non-spawn monster count
 F = Spawn count percentage of total count
 G = Total turns spent on level
                    A         B        C        D         E        F      G
               +---------+---------+-------+---------+---------+-------+---------
         Total |       0 |     126 |   0.0 |       0 |      49 |   0.0 |  1928
               +---------+---------+-------+---------+---------+-------+---------
           D:1 |       0 |      42 |   0.0 |       0 |      25 |   0.0 |   880
           D:2 |       0 |      75 |   0.0 |       0 |      18 |   0.0 |   869
           D:3 |       0 |       5 |   0.0 |       0 |       4 |   0.0 |   154
           D:4 |       0 |       4 |   0.0 |       0 |       2 |   0.0 |    25
               +---------+---------+-------+---------+---------+-------+---------
